 Dungeon Crawl Stone Soup version 0.31-a0-672-g7da72447bb (webtiles) character file.

Game seed: 17775175039674280787

445 pokeman the Magician (level 6, 0/35 HPs)
             Began as a Deep Elf Hedge Wizard on Sept 4, 2023.
             Was an Initiate of Vehumet.
             Slain by a sleepcap (19 damage)
             ... on level 4 of the Dungeon.
             The game lasted 00:06:13 (3309 turns).

pokeman the Magician (Deep Elf Hedge Wizard)        Turns: 3309, Time: 00:06:14

Health: 0/35       AC:  2    Str:  7    XL:     6   Next: 72%
Magic:  8/18       EV:  2    Int: 21    God:    Vehumet [......]
Gold:   103        SH:  0    Dex: 14    Spells: 11/19 levels left

rFire   . . .        o - +2 dagger (venom)
rCold   . . .        (no shield)
rNeg    . . .        b - +0 robe
rPois   .            c - +0 hat
rElec   .            (no cloak)
rCorr   .            (no gloves)
SInv    .            (no boots)
Will    .....        (no amulet)
Stlth   ++           j - ring of wizardry
HPRegen 0.25/turn    (no ring)
MPRegen 0.16/turn

%: wizardry (x1)
@: sleeping
A: no striking features
a: Renounce Religion


You were on level 4 of the Dungeon.
You worshipped Vehumet.
Vehumet was noncommittal.
You visited 1 branch of the dungeon, and saw 4 of its levels.

You collected 103 gold pieces.

Inventory:

Hand Weapons
 o - a +2 dagger of venom (weapon)
Armour
 b - a +0 robe (worn)
 c - a +0 hat (worn)
Jewellery
 j - a ring of wizardry (left hand)
Wands
 m - a wand of digging (6)
Scrolls
 a - 2 scrolls of teleportation {unknown}
 f - a scroll of amnesia {unknown}
 g - a scroll of identify {unknown}
 i - a scroll of enchant armour {unknown}
 n - a scroll of vulnerability {unknown}
 p - 2 scrolls of fear {unknown}
Potions
 d - 2 potions of magic
 e - a potion of heal wounds {unknown}
 h - 2 potions of curing {unknown}
 k - a potion of lignification {unknown}
 l - a potion of resistance {unknown}


   Skills:
 - Level 1.7 Fighting
 - Level 1.7 Armour
 - Level 3.2 Dodging
 - Level 3.0 Stealth
 * Level 7.3 Spellcasting
 + Level 3.5 Conjurations
 - Level 1.1 Summonings
 - Level 1.1 Translocations
 + Level 0.0 Air Magic
 + Level 0.0 Poison Magic
 - Level 1.0 Evocations


You had 11 spell levels left.
You knew the following spells:

 Your Spells              Type           Power      Damage    Failure   Level
a - Magic Dart            Conj           88%        1d7       1%          1
b - Mephitic Cloud        Conj/Pois/Air  12%        N/A       6%          3
c - Call Imp              Summ           24%        N/A       3%          2
d - Blink                 Tloc           24%        N/A       3%          2

Your spell library contained the following spells:

 Spells                   Type           Power      Damage    Failure   Level
 Slow                     Hex            28%        N/A       3%          1
 Cigotuvi's Dreadful Rot  Necr/Pois/Air  14%        N/A       5%          2
 Summon Guardian Golem    Hex/Summ       9%         N/A       9%          3
 Orb of Destruction       Conj           11%        9d6       99%         7
 Spellforged Servitor     Conj/Summ      8%         N/A       100%        7


Dungeon Overview and Level Annotations

Branches:
Dungeon (4/15)
 Temple: D:4-7

Altars:
Nemelex Xobeh
Vehumet

Shops:
D:1 [

Annotations:
D:3 3 runed translucent doors, Sundig's ghost, amateur MiFi


Message History

You are engulfed in a cloud of soporific spores!
You fall asleep.
Your cerulean imp hits the sleepcap but does no damage.
The sleepcap releases spores at you.
You wake up.
You are engulfed in a cloud of soporific spores!
You are unaffected.
Your cerulean imp hits the sleepcap from afar with a -3 spear.
You see here an iguana corpse.
You hit the sleepcap but do no damage.
The sleepcap is lightly damaged.
The sleepcap barely misses you.
Your cerulean imp hits the sleepcap but does no damage.
You hit the sleepcap.
The sleepcap is moderately damaged.
The sleepcap misses you.
Your cerulean imp hits the sleepcap from afar with a -3 spear.
Unknown command.
You hit the sleepcap.
The sleepcap is moderately damaged.
The sleepcap releases spores at you.
You are engulfed in a cloud of soporific spores!
You are unaffected.
Your cerulean imp hits the sleepcap but does no damage.
You hit the sleepcap.
The sleepcap is severely damaged.
The sleepcap barely misses you.
Your cerulean imp hits the sleepcap but does no damage.
You hit the sleepcap.
The sleepcap is severely damaged.
The sleepcap releases spores at you.
Your cerulean imp hits the sleepcap but does no damage.
You hit the sleepcap but do no damage.
The sleepcap is severely damaged.
The sleepcap releases spores at you.
You are engulfed in a cloud of soporific spores!
You fall asleep.
Your cerulean imp hits the sleepcap but does no damage.
The sleepcap releases spores at you!!
Ouch! That really hurt!
You die...

#.)##.#.## #
#####..###.##
#..........#
#.###..#####
#.)##..
#######.)##.#
.......))##.#
.......#.##.#####.#
######.#..@f......#
#.#.>.>......#
#.#...5#####.#
#...#....
#......###
......#..
.......#### .#..?..


You could see a sleepcap (ally target) and a friendly cerulean imp (summoned).

Vanquished Creatures
  Sigmund (D:2)
  A howler monkey (D:3)
  A hound (D:4)
  2 orc priests
  2 iguanas
  2 adders (D:2)
  A dart slug (D:3)
  5 orcs
  5 endoplasms
  2 giant cockroaches
  9 goblins
  4 hobgoblins
  2 jackals (D:2)
  5 kobolds
  5 quokkas
  6 ball pythons
  6 bats
  2 frilled lizards
  3 rats
64 creatures vanquished.

Notes
Turn   | Place    | Note
-------+----------+-------------------------------------------
     0 | D:1      | pokeman the Deep Elf Hedge Wizard began the quest for the
                  | Orb.
     0 | D:1      | Reached XP level 1. HP: 10/10 MP: 7/7
   109 | D:1      | Reached XP level 2. HP: 11/16 MP: 0/9
   383 | D:1      | Found Giwel's Antique Armour Shop.
   425 | D:1      | You fall into a shaft and drop 1 floor!
   573 | D:1      | Reached skill level 5 in Spellcasting
  1084 | D:2      | Noticed Sigmund
  1222 | D:2      | Reached XP level 3. HP: 20/20 MP: 9/11
  1250 | D:2      | Learned a level 3 spell: Mephitic Cloud
  1253 | D:2      | Learned a level 2 spell: Call Imp
  1256 | D:2      | Learned a level 2 spell: Blink
  1330 | D:2      | Killed Sigmund
  1331 | D:2      | Reached skill level 1 in Fighting
  1331 | D:2      | Reached skill level 1 in Armour
  1331 | D:2      | Reached skill level 6 in Spellcasting
  1331 | D:2      | Reached XP level 4. HP: 16/26 MP: 8/14
  1331 | D:2      | Reached XP level 5. HP: 19/30 MP: 8/15
  1939 | D:2      | Reached XP level 6. HP: 35/35 MP: 13/17
  1977 | D:2      | Found a radiant altar of Vehumet.
  1982 | D:2      | Became a worshipper of Vehumet
  2269 | D:3      | Found a sparkling altar of Nemelex Xobeh.
  2424 | D:3      | Found a runed translucent gate.
  2424 | D:3      | Found a runed translucent gate.
  2424 | D:3      | Found a runed translucent gate.
  2426 | D:3      | Noticed Sundig's ghost (amateur MiFi)
  2886 | D:3      | Reached skill level 7 in Spellcasting
  3287 | D:4      | Reached skill level 1 in Evocations
  3309 | D:4      | Slain by a sleepcap

Illustrated notes

Levels and vault maps discovered:
D:1:      minmay_arrival_floating_metal, layout_rooms, serial_shops, shop,
          reono_crystal_passage
D:2:      layout_basic, basic_altar, serial_bayou_lagoon_a, uniq_sigmund
D:3:      layout_basic, nemelex_diamond_rough_becter,
          gammafunk_ghost_nasty_kobolds
D:4:      layout_loops_ring, trog_ov_bears_minmay,
          nicolae_shop_i_like_small_books_too, lemuel_flame_loot_1,
          uniq_crazy_yiuf_cottage

Skill      XL: |  1  2  3  4  5  6 |
---------------+-------------------+-----
Spellcasting   | 5 6 7 |  7.3
Fighting       | 1 |  1.7
Armour         | 1 |  1.7
Conjurations   | 2 3 |  3.5
Stealth        | 3 |  3.0
Dodging        | 3 |  3.2
Evocations     | 1 |  1.0
Summonings     | |  1.1
Translocations | |  1.1

Action                     |  1- 3 |  4- 6 || total
---------------------------+-------+-------++-------
  Melee: Dagger            |     6 |    15 ||    21
         Whip              |    30 |    24 ||    54
   Cast: Magic Dart        |    49 |    81 ||   130
         Mephitic Cloud    |     1 |     6 ||     7
         Call Imp          |     1 |     2 ||     3
   Stab: Confused          |     1 |     6 ||     7
 Armour: Robe              |    16 |    24 ||    40
  Dodge: Dodged            |    17 |    27 ||    44

Table legend: (Time is in decaauts)
 A = Elapsed time spent in this place.
 B = Non-inter-level travel time spent in this place.
 C = Inter-level travel time spent in this place.
 D = Time resting spent in this place.
 E = Time spent auto-exploring this place.
 F = Levels seen in this place.
 G = Mean time per level.
                   A        B        C        D        E       F      G
               +--------+--------+--------+--------+--------+-----+--------+
         Total |   3337 |   3245 |     92 |    154 |   2534 |   4 |  834.2 |
       Dungeon |   3337 |   3245 |     92 |    154 |   2534 |   4 |  834.2 |
               +--------+--------+--------+--------+--------+-----+--------+

Top non-repeatable levels by time:
     D:2: 1273 daAuts
     D:3: 989 daAuts
     D:1: 977 daAuts
     D:4: 97 daAuts
